[Event "Titled Tuesday Blitz October 12 2021"]
[White "Demchenko, Anton"]
[Black "Salinas Herrera, Pablo"]
[WhiteFideId "4160258"]
[BlackFideId "3407128"]
[WhiteElo "2583"]
[BlackElo "2541"]
[Result "1/2-1/2"]
[Round "09"]
[TimeControl "180+1"]
[Date "2021.10.12"]
[WhiteClock "0:00:04"]
[BlackClock "0:00:11"]

1. e4 e5 2. Nf3 Nc6 3. Bc4 Bc5 4. d3 Nf6 5. O-O O-O 6. Nbd2 d6 7. c3 Bb6 8. Bb3 Ne7 9. Nc4 Ng6 10. Bc2 Re8 11. h3 h6 12. Re1 c6 13. Nxb6 axb6 14. d4 Qc7 15. Be3 Be6 16. a4 Rad8 17. Qc1 Kh7 18. b4 Nh5 19. a5 bxa5 20. bxa5 Qc8 21. Kh2 Nhf4 22. Ng1 Kg8 23. dxe5 dxe5 24. Rd1 Rxd1 25. Qxd1 Bc4 26. Bb6 Qe6 27. g3 Be2 28. Qd2 Bf3 29. Qe3 Nh4 30. Bd1 Nfg2 31. Qd3 Ne1 32. Qd2 Bxd1 33. Qxe1 Nf3+ 34. Nxf3 Bxf3 35. Qe3 Bh5 36. g4 Bg6 37. Rd1 Qc4 38. f3 Kh7 39. Kg3 Qe6 40. Qd3 Qf6 41. Be3 Ra8 42. Ra1 Rd8 43. Qc4 Rd7 44. Rb1 Qd8 45. Bb6 Qe7 46. Qe2 h5 47. Rd1 h4+ 48. Kg2 Rxd1 49. Qxd1 Qa3 50. Qe1 Qb2+ 51. Kg1 Kg8 52. Qxh4 Qxc3 53. Qf2 f6 54. Kg2 Bf7 55. h4 Qc1 56. h5 Bc4 57. Kg3 Bb5 58. Be3 Qc4 59. h6 Qf7 60. hxg7 Kxg7 61. Qd2 Kg8 62. Qd8+ Qf8 63. Qd7 Ba6 64. Qf5 Qg7 65. g5 fxg5 66. Bxg5 Bc4 67. Kg4 Bf7 68. Qc8+ Kh7 69. Kh4 Qg6 70. Qc7 Qh5+ 71. Kg3 Qxg5+ 72. Kf2 Qf6 73. Qxb7 Kg6 74. a6 Qd6 75. a7 Qd2+ 76. Kf1 Qd1+ 77. Kf2 Qd2+ 78. Kg3 Qf4+ 79. Kg2 Qg5+ 80. Kh2 Qf4+ 81. Kg2 Qg5+ 82. Kf2 Qd2+ 1/2-1/2


[Site "https://www.chess.com"]

[Event "Titled Tuesday Blitz October 12 2021"]
[White "Gaehwiler, Gabriel"]
[Black "Sargsyan, Anna M."]
[WhiteFideId "1314530"]
[BlackFideId "13308130"]
[WhiteElo "2320"]
[BlackElo "2263"]
[Result "1-0"]
[Round "09"]
[TimeControl "180+1"]
[Date "2021.10.12"]
[WhiteClock "0:00:16"]
[BlackClock "0:00:01"]

1. d4 d5 2. c4 c6 3. Nf3 Nf6 4. Nc3 e6 5. g3 Be7 6. Bg2 dxc4 7. a4 O-O 8. O-O Nbd7 9. Bf4 c5 10. a5 Nd5 11. Bd2 cxd4 12. Nxd4 Nc5 13. Ne4 Bd7 14. Qc2 Rc8 15. Rfc1 Nxe4 16. Bxe4 Bf6 17. e3 h6 18. Bc3 Qe7 19. Rd1 Rfd8 20. h4 Be8 21. Bh7+ Kh8 22. Be4 b5 23. axb6 axb6 24. Ne2 b5 25. Bd4 b4 26. Bxd5 exd5 27. Bxf6 Qxf6 28. Rd4 Bc6 29. Qd2 Rb8 30. Nf4 Rdc8 31. Rc1 Kg8 32. h5 Ba8 33. Kh2 Qe5 34. Kg2 Rc7 35. Kh2 Rbc8 36. Qxb4 Qf5 37. Qc3 Rb8 38. Kg2 Rb3 39. Qxb3 cxb3 40. Rxc7 Kh7 41. Rc3 g5 42. hxg6+ fxg6 43. Rxb3 g5 44. Nd3 h5 45. Rb8 Bc6 46. Rb6 Be8 47. Rd6 Bf7 48. b4 Qc8 49. b5 Qb8 50. R6xd5 Bxd5+ 51. Rxd5 Qb7 52. e4 Kg6 53. f3 h4 54. Ne5+ Kf6 55. Ng4+ Kg6 56. gxh4 gxh4 57. Kh3 Qc7 58. Kxh4 Qc1 59. Kg3 Qg1+ 60. Kf4 Qc1+ 61. Ke5 Qc3+ 62. Kd6 Qb4+ 63. Kc6 Qc3+ 64. Kb7 Kg7 65. Ne5 Kf6 66. Nc6 Ke6 67. Nd8+ Ke7 68. Nc6+ Ke8 69. f4 Qc4 70. Re5+ 1-0


[Site "https://www.chess.com"]

[Event "Titled Tuesday Blitz October 12 2021"]
[White "Gasanov, Eldar"]
[Black "Perez Ponsa, Federico"]
[WhiteFideId "14104466"]
[BlackFideId "117927"]
[WhiteElo "2454"]
[BlackElo "2672"]
[Result "0-1"]
[Round "09"]
[TimeControl "180+1"]
[Date "2021.10.12"]
[WhiteClock "0:00:13"]
[BlackClock "0:01:17"]

1. d4 Nf6 2. c4 e6 3. Nc3 Bb4 4. Bg5 c5 5. d5 d6 6. e3 exd5 7. cxd5 Nbd7 8. Bb5 a6 9. Bxd7+ Bxd7 10. Ne2 h6 11. Bh4 O-O 12. O-O Re8 13. Qc2 b5 14. Ne4 g5 15. Nxd6 gxh4 16. a3 Ba5 17. Qxc5 Re5 18. Nf4 h3 19. Qd4 Rg5 20. Nb7 Bb6 21. Qc3 Qe7 22. d6 Qe4 23. Qxf6 Rxg2+ 24. Kh1 Rxf2+ 25. Kg1 Rg2+ 26. Kh1 Rg3+ 0-1


[Site "https://www.chess.com"]

[Event "Titled Tuesday Blitz October 12 2021"]
[White "Gasanov, Zaur"]
[Black "Svane, Frederik"]
[WhiteFideId "34125970"]
[BlackFideId "12923044"]
[WhiteElo "2099"]
[BlackElo "2459"]
[Result "0-1"]
[Round "09"]
[TimeControl "180+1"]
[Date "2021.10.12"]
[WhiteClock "0:00:03"]
[BlackClock "0:00:10"]

1. d4 Nf6 2. Nf3 e6 3. Bf4 b6 4. e3 Be7 5. h3 O-O 6. Be2 c5 7. O-O Ba6 8. c3 Bxe2 9. Qxe2 Nc6 10. Nbd2 d5 11. Rfd1 Qc8 12. Rac1 Qb7 13. dxc5 bxc5 14. b3 a5 15. Rb1 Qa6 16. Qxa6 Rxa6 17. c4 a4 18. cxd5 Nxd5 19. Rbc1 Rfa8 20. Bh2 Ncb4 21. e4 Nxa2 22. exd5 Nxc1 23. Rxc1 axb3 24. Nxb3 exd5 25. Be5 d4 26. Kh2 f6 27. Bg3 Ra3 28. Nbd2 Rc3 29. Rb1 Rc2 30. Rb7 Bf8 31. Rc7 d3 32. h4 Ra4 33. Rc8 Kf7 34. Rc7+ Ke6 35. Rc6+ Kd7 36. Rc7+ Kd8 37. Rf7 Ke8 38. Rb7 c4 39. Rb8+ Kf7 40. Rb7+ Kg6 41. Ne4 c3 42. Nd6 Bxd6 43. Bxd6 d2 44. g4 Rxg4 45. Bf8 Kh6 0-1


[Site "https://www.chess.com"]

[Event "Titled Tuesday Blitz October 12 2021"]
[White "Gelman, Alexander"]
[Black "Keymer, Vincent"]
[WhiteFideId "4118316"]
[BlackFideId "12940690"]
[WhiteElo "2375"]
[BlackElo "2524"]
[Result "1-0"]
[Round "09"]
[TimeControl "180+1"]
[Date "2021.10.12"]
[WhiteClock "0:00:13"]
[BlackClock "0:00:01"]

1. d4 Nf6 2. Nc3 d5 3. Bf4 e6 4. Nb5 Bb4+ 5. c3 Ba5 6. a4 a6 7. b4 Bb6 8. a5 axb5 9. axb6 Na6 10. bxc7 Nxc7 11. e3 Bd7 12. Bd3 O-O 13. Nf3 Ne4 14. O-O Bc6 15. Ne5 Qe8 16. Qc2 h6 17. f3 Nf6 18. g4 Qe7 19. h4 Rfc8 20. Rae1 Be8 21. Re2 Nd7 22. g5 Nxe5 23. Bxe5 hxg5 24. hxg5 Qxg5+ 25. Kh1 f6 26. Bf4 Qh5+ 27. Rh2 Qf7 28. Bh7+ Kf8 29. Bd6+ 1-0


[Site "https://www.chess.com"]

[Event "Titled Tuesday Blitz October 12 2021"]
[White "Kamsky, Gata"]
[Black "Martinovici, Ilia"]
[WhiteFideId "2000024"]
[BlackFideId "13907034"]
[WhiteElo "2603"]
[BlackElo "2303"]
[Result "1-0"]
[Round "09"]
[TimeControl "180+1"]
[Date "2021.10.12"]
[WhiteClock "0:00:15"]
[BlackClock "0:00:03"]

1. e4 c5 2. Nc3 Nc6 3. Bc4 e6 4. Nf3 Nf6 5. O-O d5 6. exd5 exd5 7. Bb5 d4 8. Ne2 Bd7 9. Ng3 Be7 10. d3 O-O 11. Bg5 Nd5 12. Bxe7 Ncxe7 13. Bxd7 Qxd7 14. Re1 Rfe8 15. Ne5 Qc7 16. Qf3 f6 17. Nc4 Qd7 18. a3 Ng6 19. Nf5 Nde7 20. Nfd6 Reb8 21. a4 b6 22. Re2 a6 23. Ne4 Qc7 24. g3 Ra7 25. h4 b5 26. axb5 axb5 27. Rxa7 Qxa7 28. Ncd6 Rf8 29. Nf5 Ne5 30. Nxe7+ Qxe7 31. Qf5 c4 32. f4 Nc6 33. Qd5+ Qf7 34. Qxc6 cxd3 35. cxd3 h5 36. Nd6 Qg6 37. Kf2 Qxd3 38. Qd5+ Kh8 39. Qxh5+ Kg8 40. Qd5+ Kh8 41. Qxb5 Qg6 42. Qf5 Qh6 43. Re8 Rxe8 44. Nf7+ Kg8 45. Nxh6+ 1-0


[Site "https://www.chess.com"]

[Event "Titled Tuesday Blitz October 12 2021"]
[White "King, Alexander"]
[Black "Rustemov, Alexander"]
[WhiteFideId "2063620"]
[BlackFideId "4119002"]
[WhiteElo "2306"]
[BlackElo "2804"]
[Result "1-0"]
[Round "09"]
[TimeControl "180+1"]
[Date "2021.10.12"]
[WhiteClock "0:00:19"]
[BlackClock "0:00:18"]

1. d4 d5 2. c4 dxc4 3. Nf3 e6 4. e3 a6 5. Bxc4 c5 6. Bb3 Nf6 7. O-O b5 8. a4 c4 9. Bc2 Bb7 10. axb5 axb5 11. Rxa8 Bxa8 12. Nc3 Qb6 13. Nxb5 Nc6 14. Nc3 Be7 15. h3 O-O 16. Qe2 Na5 17. e4 Re8 18. Rd1 Bf8 19. e5 Nd5 20. Bxh7+ Kxh7 21. Ng5+ Kg6 22. Qe4+ f5 23. Qh4 f4 24. Nce4 Nf6 25. exf6 Bxe4 26. Nxe4 Qb5 27. d5 exd5 28. Qg5+ Kf7 29. Rxd5 Qc6 30. Qh5+ g6 31. Qh7+ Ke6 32. Qxg6 Kxd5 33. Qf5+ Re5 34. Nc3+ Kd4 35. Qxf4+ Re4 36. Be3+ Kd3 37. Qf3 Rxe3 38. Qd1# 1-0


[Site "https://www.chess.com"]

[Event "Titled Tuesday Blitz October 12 2021"]
[White "Kovalev, Vladislav"]
[Black "Kucuksari, Kaan"]
[WhiteFideId "13504398"]
[BlackFideId "6380166"]
[WhiteElo "2573"]
[BlackElo "2301"]
[Result "0-1"]
[Round "09"]
[TimeControl "180+1"]
[Date "2021.10.12"]
[WhiteClock "0:00:02"]
[BlackClock "0:00:46"]

1. e4 Nf6 2. e5 Nd5 3. d4 d6 4. Nf3 dxe5 5. Nxe5 c6 6. Be2 Bf5 7. O-O Nd7 8. Nf3 e6 9. c4 N5f6 10. Nc3 h6 11. Re1 Be7 12. a3 O-O 13. b4 a5 14. b5 Ne4 15. Nxe4 Bxe4 16. c5 Nf6 17. Ne5 Nd7 18. Nf3 b6 19. Bc4 cxb5 20. Bxb5 Bxf3 21. Qxf3 bxc5 22. d5 Bf6 23. dxe6 fxe6 24. Ra2 Bd4 25. Qe4 Qf6 26. Qxe6+ Qxe6 27. Rxe6 Nf6 28. Be3 Rab8 29. a4 Rfd8 30. Bxd4 cxd4 31. Rd2 Kf7 32. Ra6 Rbc8 33. f3 Rc3 34. Rxa5 d3 35. Kf2 Rc2 36. Ra7+ Ke6 37. Rxc2 dxc2 38. Rc7 Rd2+ 39. Be2 Nd5 40. Rc4 Nf4 41. Ke3 Rxe2+ 42. Kxf4 Kd5 43. Rc7 Kd4 44. a5 Kd3 45. a6 Re7 46. Rc6 Re6 47. a7 Rxc6 48. a8=Q c1=Q+ 49. Kg3 Qg5+ 50. Kf2 Rc2+ 0-1


[Site "https://www.chess.com"]

[Event "Titled Tuesday Blitz October 12 2021"]
[White "Kozak, Adam"]
[Black "Ghimpu, Samuel-Timotei"]
[WhiteFideId "753246"]
[BlackFideId "1238175"]
[WhiteElo "2448"]
[BlackElo "2012"]
[Result "0-1"]
[Round "09"]
[TimeControl "180+1"]
[Date "2021.10.12"]
[WhiteClock "0:00:01"]
[BlackClock "0:00:04"]

1. e4 e6 2. d4 d5 3. e5 c5 4. c3 Nc6 5. Nf3 Qb6 6. Bd3 cxd4 7. O-O Bd7 8. Re1 Nge7 9. h4 Rc8 10. a3 a6 11. b4 dxc3 12. Nxc3 Nxb4 13. Be3 Qd8 14. axb4 Rxc3 15. Bc5 Nc6 16. Bxf8 Kxf8 17. Qd2 Rb3 18. b5 axb5 19. Qc2 Rb4 20. Qc5+ Qe7 21. Ra8+ Be8 22. Qb6 g6 23. Rc8 Kg7 24. Rc7 Qd8 25. Ng5 Nd4 26. Qxb7 Rf8 27. Rc8 Qd7 28. Rc7 Qd8 29. Rec1 Rc4 30. Bxc4 bxc4 31. Rd1 h6 32. Nxf7 Ne2+ 33. Kf1 Rxf7 34. Rxf7+ Bxf7 35. Kxe2 Qxh4 36. Qb8 Qg4+ 37. Ke1 Qxg2 38. Qd8 Qe4+ 39. Kf1 Qf5 40. Re1 g5 41. Ra1 c3 42. Ra8 c2 43. Rc8 Kg6 44. Kg1 g4 45. Kg2 Qf3+ 46. Kg1 g3 47. Qf6+ Qxf6 48. exf6 gxf2+ 49. Kxf2 Kxf6 50. Rxc2 Bg6 51. Rc6 h5 52. Kg3 d4 53. Kf4 d3 54. Rd6 Bf5 55. Rd8 h4 56. Ke3 h3 57. Kf4 e5+ 58. Kg3 Ke6 59. Kf3 Kf6 60. Kg3 Ke7 61. Rh8 e4 0-1


[Site "https://www.chess.com"]

[Event "Titled Tuesday Blitz October 12 2021"]
[White "Krivonosov, Oleg"]
[Black "Tologon tegin, Semetei"]
[WhiteFideId "11600349"]
[BlackFideId "13800574"]
[WhiteElo "2469"]
[BlackElo "2224"]
[Result "1/2-1/2"]
[Round "09"]
[TimeControl "180+1"]
[Date "2021.10.12"]
[WhiteClock "0:00:09"]
[BlackClock "0:00:12"]

1. Nf3 Nf6 2. c4 e6 3. g3 b6 4. Bg2 Bb7 5. O-O g6 6. b3 Bg7 7. Bb2 O-O 8. Nc3 c5 9. d4 Ne4 10. Rc1 d5 11. cxd5 exd5 12. dxc5 bxc5 13. Qc2 Nxc3 14. Bxc3 d4 15. Bb2 Nd7 16. Ne1 Bxg2 17. Nxg2 Rc8 18. Nf4 Re8 19. Nd3 Qe7 20. Rfe1 h5 21. Ba3 Bf8 22. Qd2 Qf6 23. Qf4 Qa6 24. Bb2 Bd6 25. Qf3 Qxa2 26. Ra1 Qxb3 27. Rxa7 Ne5 28. Nxe5 Qxf3 29. Nxf3 Rb8 30. Ba3 Rb3 31. Kf1 Rc3 32. Bc1 Bf8 33. Rd7 Bg7 34. Bd2 Rc2 35. Rc1 Rxc1+ 36. Bxc1 Rb8 37. Rc7 Bf8 38. Bf4 Rb1+ 39. Kg2 Rb2 40. Bd2 Bd6 41. Rc6 Be7 42. h4 Kg7 43. Rc7 Bd6 44. Rd7 Bf8 45. Kf1 Rb1+ 46. Kg2 Rb2 47. Rd5 Rc2 48. Rd7 Rb2 1/2-1/2


[Site "https://www.chess.com"]

[Event "Titled Tuesday Blitz October 12 2021"]
[White "Lazavik, Denis"]
[Black "Mikhalevski, Victor"]
[WhiteFideId "13515110"]
[BlackFideId "2801914"]
[WhiteElo "2436"]
[BlackElo "2577"]
[Result "1-0"]
[Round "09"]
[TimeControl "180+1"]
[Date "2021.10.12"]
[WhiteClock "0:01:37"]
[BlackClock "0:01:36"]

1. d4 Nf6 2. c4 g6 3. g3 c6 4. Nf3 d5 5. b3 Bg7 6. Bg2 O-O 7. O-O a5 8. Nc3 Bf5 9. Bb2 Ne4 10. e3 Nd7 11. Qe2 Nxc3 12. Bxc3 Be4 13. Rfc1 e6 14. Bf1 Bxf3 15. Qxf3 a4 16. b4 Nb6 17. c5 Nd7 18. b5 e5 19. Rab1 f5 20. bxc6 bxc6 21. Rb7 f4 22. dxe5 Nxc5 23. Rxg7+ Kxg7 24. exf4 Ne4 25. Bd4 Qd7 26. e6+ 1-0


[Site "https://www.chess.com"]

[Event "Titled Tuesday Blitz October 12 2021"]
[White "Maly, Alexey"]
[Black "Nogerbek, Kazybek"]
[WhiteFideId "14103184"]
[BlackFideId "13710427"]
[WhiteElo "2294"]
[BlackElo "2436"]
[Result "1/2-1/2"]
[Round "09"]
[TimeControl "180+1"]
[Date "2021.10.12"]
[WhiteClock "0:02:45"]
[BlackClock "0:02:34"]

1. d4 d5 2. c4 e6 3. Nf3 Nf6 4. e3 c5 5. dxc5 Bxc5 6. a3 O-O 7. Nc3 dxc4 8. Bxc4 b6 9. Qxd8 Rxd8 10. b4 Be7 11. Bb2 Bb7 12. Be2 Nbd7 13. O-O Rac8 14. Rac1 a5 15. bxa5 bxa5 16. Rfd1 Nc5 1/2-1/2


[Site "https://www.chess.com"]

[Event "Titled Tuesday Blitz October 12 2021"]
[White "Martic, Ivan"]
[Black "Tristan, Leonardo"]
[WhiteFideId "929301"]
[BlackFideId "113816"]
[WhiteElo "2290"]
[BlackElo "2404"]
[Result "0-1"]
[Round "09"]
[TimeControl "180+1"]
[Date "2021.10.12"]
[WhiteClock "0:00:14"]
[BlackClock "0:00:18"]

1. e4 d5 2. exd5 Qxd5 3. Nc3 Qa5 4. d4 Nf6 5. Nf3 Bf5 6. Bc4 e6 7. Bd2 Bb4 8. a3 Bxc3 9. Bxc3 Qb6 10. Qe2 O-O 11. O-O-O Nc6 12. Ne5 Nd5 13. Bxd5 exd5 14. g4 Nxe5 15. gxf5 Nc4 16. Rhg1 Rfe8 17. Qg4 Qh6+ 18. Kb1 Re4 19. Qg3 Nd6 20. f3 Re2 21. Rde1 Rae8 22. Rxe2 Rxe2 23. Bb4 Qf6 24. h4 Ne8 25. Qg4 b6 26. h5 a5 27. Be1 Qe7 28. Bh4 f6 29. h6 c5 30. hxg7 c4 31. c3 b5 32. f4 b4 33. axb4 axb4 34. Qf3 Nc7 35. Bxf6 Re1+ 36. Rxe1 Qxe1+ 37. Ka2 b3+ 38. Ka3 Qa1+ 39. Kb4 Qa6 40. Be7 Qb5+ 41. Ka3 Qa5# 0-1


[Site "https://www.chess.com"]

[Event "Titled Tuesday Blitz October 12 2021"]
[White "Mirzoev, Azer"]
[Black "Khademalsharieh, Sarasadat"]
[WhiteFideId "13400304"]
[BlackFideId "12512214"]
[WhiteElo "2525"]
[BlackElo "2431"]
[Result "1-0"]
[Round "09"]
[TimeControl "180+1"]
[Date "2021.10.12"]
[WhiteClock "0:00:05"]
[BlackClock "0:00:05"]

1. d4 Nf6 2. Nf3 e6 3. c4 b6 4. Nc3 Bb4 5. Qb3 a5 6. Bg5 h6 7. Bh4 g5 8. Bg3 Ne4 9. e3 Bb7 10. Nd2 Bxc3 11. bxc3 Nxd2 12. Kxd2 d6 13. f3 Nd7 14. Kc2 Qe7 15. Kb2 f5 16. Bd3 Rf8 17. Qc2 O-O-O 18. Rhe1 Qf7 19. e4 f4 20. Bf2 e5 21. Rad1 c5 22. Ka1 Kb8 23. Rb1 Rc8 24. Qb3 Rc6 25. h3 Ba6 26. Qa4 Bb7 27. Re2 cxd4 28. cxd4 exd4 29. Bxd4 Rfc8 30. Reb2 Kc7 31. Qa3 Ra8 32. Be2 Ba6 33. Rc2 Kd8 34. Qb2 Ke7 35. Rd1 Bxc4 36. Bxc4 Rxc4 37. Rxc4 Qxc4 38. Bxb6 Rb8 39. Qg7+ Qf7 40. Qxf7+ Kxf7 41. Bxa5 Ke6 42. Rb1 Ra8 43. Bb4 Ne5 44. a3 Nd3 45. Ka2 h5 46. Kb3 Ra6 47. Rd1 Ne5 48. a4 g4 49. hxg4 hxg4 50. fxg4 Nxg4 51. a5 Ne3 52. Rd2 Ke5 53. Ka4 Kxe4 54. Rxd6 Ra8 55. Re6+ Kf5 56. Re7 Nxg2 57. Rf7+ Ke6 58. Rg7 f3 59. Rg3 f2 60. Rf3 Kd5 61. Rxf2 Ne3 62. Rf3 Nc4 63. Rd3+ Ke4 64. Rc3 Kd4 65. Rc2 Ne3 66. Rc1 Kd5 67. Rb1 Nc4 68. Rd1+ Ke6 69. Rc1 Kd5 70. Rd1+ Ke4 71. Rh1 Rb8 72. Rh4+ Kd3 73. Rh3+ Ne3 74. a6 Kc4 75. Rh4+ Kd5 76. Rh5+ Kc6 77. a7 Ra8 78. Bc5 Kb7 79. Bxe3 Ka6 80. Rh6+ Kb7 81. Kb5 Kc8 82. Rh8+ Kb7 83. Rh7+ Kc8 84. Kc6 1-0


[Site "https://www.chess.com"]

[Event "Titled Tuesday Blitz October 12 2021"]
[White "Molina, Roberto Junio Brito"]
[Black "Perez Gormaz, Matias"]
[WhiteFideId "2109450"]
[BlackFideId "3406342"]
[WhiteElo "2402"]
[BlackElo "2352"]
[Result "1-0"]
[Round "09"]
[TimeControl "180+1"]
[Date "2021.10.12"]
[WhiteClock "0:00:18"]
[BlackClock "0:00:03"]

1. d4 d5 2. Nf3 e6 3. c4 a6 4. b3 Nf6 5. e3 b6 6. Bb2 Bb7 7. Bd3 Nbd7 8. O-O Bd6 9. Nbd2 O-O 10. Qe2 Ne4 11. Rac1 Qf6 12. Rc2 Qh6 13. cxd5 exd5 14. Ne5 f6 15. Nef3 Rfe8 16. Rfc1 c5 17. g3 Kh8 18. Nh4 Qg5 19. f4 Nxg3 20. fxg5 Nxe2+ 21. Bxe2 Rxe3 22. Nf5 Bxh2+ 23. Kxh2 Rxe2+ 24. Kg3 fxg5 25. Nf3 Rxc2 26. Rxc2 h6 27. dxc5 bxc5 28. Bxg7+ Kh7 29. Re2 Kg6 30. Re7 Bc6 31. Nxh6 d4 32. Re6+ Kxg7 33. Nf5+ Kf7 34. Nxg5+ Kg8 35. Rg6+ Kf8 36. Rxc6 Re8 37. Kf4 Re1 38. Rc8+ Re8 39. Nh7+ Kf7 40. Nd6+ 1-0


[Site "https://www.chess.com"]

[Event "Titled Tuesday Blitz October 12 2021"]
[White "Nagy, Gabor"]
[Black "Erdogmus, Yagiz Kaan"]
[WhiteFideId "737119"]
[BlackFideId "44599790"]
[WhiteElo "2534"]
[BlackElo "1783"]
[Result "1-0"]
[Round "09"]
[TimeControl "180+1"]
[Date "2021.10.12"]
[WhiteClock "0:00:42"]
[BlackClock "0:00:07"]

1. d4 Nf6 2. Nf3 g6 3. Bg5 Bg7 4. Nbd2 d5 5. e3 O-O 6. Be2 c5 7. O-O cxd4 8. exd4 Ne4 9. Bh4 Nc6 10. c3 Qb6 11. Nxe4 dxe4 12. Nd2 Qxb2 13. d5 Bxc3 14. dxc6 Qxd2 15. Qxd2 Bxd2 16. Rfd1 Bc3 17. Rac1 Bf6 18. Bxf6 exf6 19. c7 Be6 20. a4 Rfc8 21. a5 a6 22. f3 f5 23. Kf2 Kf8 24. Ke3 Ke7 25. fxe4 fxe4 26. Kxe4 Bd7 27. Kd5 Ra7 28. Kc5 Ba4 29. Kb6 Bxd1 30. Bxd1 Raa8 31. Bf3 Kd7 32. Bxb7 Re8 33. Bc6+ Kd6 34. Rd1+ Ke7 35. Re1+ Kf8 36. Rxe8+ Rxe8 37. Bxe8 Kxe8 38. c8=Q+ Ke7 39. Qxa6 Kf6 40. Qb7 Kg5 41. a6 f5 42. a7 f4 43. a8=Q Kg4 44. Qf3+ Kh4 45. Qxf4+ Kh5 46. h4 g5 47. Qe8+ Kh6 48. hxg5+ Kg7 49. g4 h6 50. Qf6+ Kh7 51. g6# 1-0


[Site "https://www.chess.com"]

[Event "Titled Tuesday Blitz October 12 2021"]
[White "Nakamura, Hikaru"]
[Black "Tabatabaei, M. Amin"]
[WhiteFideId "2016192"]
[BlackFideId "12521213"]
[WhiteElo "2884"]
[BlackElo "2555"]
[Result "1-0"]
[Round "09"]
[TimeControl "180+1"]
[Date "2021.10.12"]
[WhiteClock "0:00:04"]
[BlackClock "0:00:01"]

1. Nf3 d5 2. e3 Nf6 3. c4 e6 4. b3 Be7 5. Bb2 O-O 6. Qc2 c5 7. cxd5 exd5 8. d4 Qa5+ 9. Bc3 Qb6 10. Bd3 Nc6 11. a3 Bg4 12. dxc5 Qxc5 13. b4 Qd6 14. Nbd2 Rac8 15. Qb2 a6 16. O-O Rfe8 17. h3 Bh5 18. Nh4 d4 19. exd4 Nd5 20. Nf5 Qf6 21. Nxe7+ Ncxe7 22. Ne4 Qb6 23. Bd2 Bg6 24. Nc5 Bxd3 25. Nxd3 Nf5 26. Nc5 Qg6 27. Qb1 Re2 28. Ra2 b6 29. Nb3 Rce8 30. Rb2 R8e4 31. Kh1 Nh4 32. Rg1 Rxf2 33. Be1 Rxb2 34. Qxb2 Nf5 35. Qc2 Nf6 36. Bf2 h5 37. d5 Nxd5 38. Qd3 Nf4 39. Qf3 Ne6 40. Kh2 Rf4 41. Qe2 h4 42. Nd2 Qf6 43. Nf3 g5 44. Rd1 b5 45. Bg1 Rc4 46. Ne5 Rc8 47. Ng4 Qg7 48. Qe4 Nh6 49. Ne3 Re8 50. Nd5 Kh8 51. Bd4 Nxd4 52. Qxe8+ Ng8 53. Qe4 Ne6 54. Re1 Nf6 55. Nxf6 Qxf6 56. Qe5 Kg7 57. Qxf6+ Kxf6 58. Rc1 Nd4 59. Rc8 Ke5 60. Ra8 f5 61. Rxa6 g4 62. hxg4 fxg4 63. a4 bxa4 64. Rxa4 h3 65. b5 Ne6 66. b6 Kd6 67. g3 Kc6 68. Rxg4 1-0


[Site "https://www.chess.com"]

[Event "Titled Tuesday Blitz October 12 2021"]
[White "Obregon, Andres Carlos"]
[Black "Viani Antonio Dcunha"]
[WhiteFideId "111724"]
[BlackFideId "5027330"]
[WhiteElo "2572"]
[BlackElo "2366"]
[Result "1/2-1/2"]
[Round "09"]
[TimeControl "180+1"]
[Date "2021.10.12"]
[WhiteClock "0:00:49"]
[BlackClock "0:00:40"]

1. d4 Nf6 2. Bf4 g6 3. Nf3 Bg7 4. e3 O-O 5. Be2 d6 6. h3 b6 7. O-O Bb7 8. c4 Nbd7 9. Nc3 Ne4 10. Nxe4 Bxe4 11. Nd2 Bb7 12. Bf3 Bxf3 13. Nxf3 e5 14. Bh2 e4 15. Nd2 f5 16. Qc2 Nf6 17. c5 dxc5 18. dxc5 Qd5 19. Nb3 Qf7 20. Rfd1 Rfd8 21. Nd4 Rd5 22. cxb6 cxb6 23. b4 Rad8 24. a4 Nh5 25. Nc6 Rxd1+ 26. Rxd1 Rxd1+ 27. Qxd1 f4 28. Bxf4 Nxf4 29. exf4 Qxf4 30. Qd5+ Kh8 31. Qd8+ Bf8 32. Qe8 Qc1+ 33. Kh2 Qf4+ 34. Kh1 Qc1+ 35. Kh2 Qf4+ 36. Kg1 Qc1+ 37. Kh2 1/2-1/2


[Site "https://www.chess.com"]

[Event "Titled Tuesday Blitz October 12 2021"]
[White "Rasulov, Vugar"]
[Black "Sviridov, Valery"]
[WhiteFideId "13402390"]
[BlackFideId "4120680"]
[WhiteElo "2560"]
[BlackElo "2454"]
[Result "1-0"]
[Round "09"]
[TimeControl "180+1"]
[Date "2021.10.12"]
[WhiteClock "0:00:23"]
[BlackClock "0:00:10"]

1. d4 g6 2. c4 Bg7 3. Nc3 d6 4. Nf3 e5 5. Bg5 f6 6. Bd2 Nc6 7. e3 Nh6 8. Be2 O-O 9. O-O f5 10. dxe5 dxe5 11. e4 f4 12. Nd5 Nf7 13. b4 g5 14. b5 Nd4 15. Nxd4 exd4 16. Bb4 Re8 17. Ba3 c6 18. bxc6 bxc6 19. Nb4 Ne5 20. Bh5 Re6 21. Nd3 Nxc4 22. Bc5 Ne5 23. Nxe5 Bxe5 24. Qb3 Kg7 25. Bg4 Rf6 26. Bxc8 Rxc8 27. f3 Rf7 28. Rad1 Qf6 29. Rd3 Rd7 30. Rfd1 h5 31. h3 Rcd8 32. Qc4 Qf7 33. Qa4 Qe6 34. Kf1 Kg6 35. Qb3 Qxb3 36. axb3 Kf7 37. b4 Ke6 38. Ke2 Rb8 39. Ra3 g4 40. Ra6 gxf3+ 41. gxf3 Rc8 42. Rg1 d3+ 43. Kd2 Kf7 44. h4 Rcc7 45. Ra3 Bf6 46. Rxd3 Bxh4 47. Rh1 Be7 48. Rxh5 Bxc5 49. Rxc5 Ke6 50. Rxd7 Rxd7+ 51. Kc3 Rc7 52. Kc4 Rh7 53. Rxc6+ Kd7 54. Rf6 Rh4 55. Kd5 Ke7 56. e5 Rh1 57. Rxf4 Rb1 58. Rc4 Rd1+ 59. Rd4 Rb1 60. f4 a6 61. f5 Rf1 62. f6+ Kf7 63. Kd6 Re1 64. Rd5 Re2 65. Ra5 Rd2+ 66. Kc5 Ke6 67. Rxa6+ Kxe5 68. f7 Rf2 69. Ra7 Rc2+ 70. Kb6 Rf2 71. b5 Kd6 72. Rb7 Rf6 73. Ka7 Kc5 74. b6 Rf1 75. Rc7+ Kd6 76. Kb8 1-0


[Site "https://www.chess.com"]

[Event "Titled Tuesday Blitz October 12 2021"]
[White "Rozman, Levy"]
[Black "Yoo, Christopher Woojin"]
[WhiteFideId "2039877"]
[BlackFideId "30909694"]
[WhiteElo "2376"]
[BlackElo "2105"]
[Result "1-0"]
[Round "09"]
[TimeControl "180+1"]
[Date "2021.10.12"]
[WhiteClock "0:00:11"]
[BlackClock "0:00:04"]

1. c4 Nf6 2. Nc3 e6 3. Nf3 d5 4. e3 b6 5. b3 Bb7 6. Bb2 Nbd7 7. d4 Bd6 8. Bd3 O-O 9. O-O a6 10. Re1 Ne4 11. Ne2 Qe7 12. a3 Rfd8 13. Qc2 c5 14. Ne5 Rac8 15. f3 Nef6 16. Rac1 b5 17. Nxd7 Rxd7 18. cxb5 c4 19. bxc4 dxc4 20. bxa6 Bxa6 21. Be4 Nxe4 22. Qxe4 Bb7 23. Qc2 Qh4 24. Ng3 Bxg3 25. hxg3 Qxg3 26. Qf2 Qd6 27. e4 Rdc7 28. Re3 Ba6 29. Bc3 Rb7 30. d5 exd5 31. exd5 Qxd5 32. Qg3 f5 33. Rce1 Qf7 34. Qd6 1-0


[Site "https://www.chess.com"]

[Event "Titled Tuesday Blitz October 12 2021"]
[White "Samsonkin, Artiom"]
[Black "Yeletsky, Ivan"]
[WhiteFideId "13503111"]
[BlackFideId "24180327"]
[WhiteElo "2513"]
[BlackElo "2352"]
[Result "1-0"]
[Round "09"]
[TimeControl "180+1"]
[Date "2021.10.12"]
[WhiteClock "0:00:20"]
[BlackClock "0:00:02"]

1. e4 e5 2. Nf3 Nc6 3. d4 exd4 4. Bc4 Nf6 5. e5 d5 6. Bb5 Ne4 7. Nxd4 Bd7 8. Bxc6 bxc6 9. O-O Bc5 10. f3 Ng5 11. Be3 Bb6 12. f4 Ne4 13. Nd2 Nxd2 14. Qxd2 c5 15. Nf3 d4 16. Bf2 Bc6 17. Bh4 Qd5 18. f5 O-O 19. f6 Qe4 20. Rae1 Qg6 21. fxg7 Rfe8 22. Bf6 Bxf3 23. Rxf3 c4 24. Kh1 Re6 25. Rg3 Qf5 26. Rg5 c3 27. bxc3 dxc3 28. Qd5 c6 29. Qd1 Qf4 30. Rf1 Rxf6 31. Rxf4 Rxf4 32. e6 fxe6 33. g3 Rd8 34. Qe1 Rf6 35. Qxc3 Rd1+ 36. Kg2 Rg1+ 37. Kh3 Rh6+ 38. Kg4 c5 39. Qf3 Rg6 40. Qf8# 1-0


[Site "https://www.chess.com"]